 Dungeon Crawl Stone Soup version 0.31.0-32-g396128a36d (webtiles) character file.

Game seed: 9172826569966773773

512 AdnanSaban the Covered (level 7, -2/43 HPs)
             Began as a Gargoyle Fighter on Apr 15, 2024.
             Slain by Crazy Yiuf
             ... wielding a +3 quarterstaff of chaos
              (3 damage)
             ... on level 3 of the Dungeon.
             The game lasted 00:03:19 (3373 turns).

AdnanSaban the Covered (Gargoyle Fighter)           Turns: 3373, Time: 00:03:19

Health: -2/43      AC: 14    Str: 22    XL:     7   Next: 19%
Magic:  7/7        EV:  8    Int:  8    God:
Gold:   188        SH:  0    Dex:  9    Spells: 6/6 levels left

rFire   . . .        a - +0 flail
rCold   . . .        c - +0 buckler
rNeg    + . .        n - +0 chain mail {Will+}
rPois   ∞            (no helmet)
rElec   +            (no cloak)
rCorr   .            (no gloves)
SInv    .            (no boots)
Will    .....        (no amulet) Stlth
                     (no ring)
HPRegen 0.27/turn    (no ring)
MPRegen 0.10/turn

%: no passive effects
@: confused, mighty, weak-willed
A: sickness immunity, AC +4, negative energy resistance 1, electricity
resistance, torment resistance 1, petrification resistance
a: no special abilities


You were on level 3 of the Dungeon.
You visited 1 branch of the dungeon, and saw 4 of its levels.

You collected 188 gold pieces.

Inventory:

Hand Weapons
 a - a +0 flail (weapon)
Missiles
 h - 19 poisoned darts (quivered)
 i - 4 darts of dispersal
 o - 2 throwing nets
 r - 4 boomerangs
Armour
 c - a +0 buckler (worn)
 n - a +0 chain mail of willpower (worn)
Wands
 l - a wand of paralysis (10)
Scrolls
 b - a scroll of immolation {unknown}
 g - a scroll of summoning {unknown}
 k - a scroll of vulnerability {unknown}
 m - a scroll of noise {unknown}
 p - a scroll of revelation {unknown}
 s - a scroll of identify {unknown}
Potions
 d - a potion of might
 e - 3 potions of curing {unknown}
 f - a potion of mutation {unknown}
 j - a potion of ambrosia {unknown}
 q - a potion of heal wounds {unknown}


   Skills:
 + Level 4.3 Fighting
 + Level 4.7 Maces & Flails
 + Level 1.1 Throwing
 + Level 5.2 Armour
 + Level 1.4 Dodging
 + Level 1.0 Stealth
 + Level 4.2 Shields


You had 6 spell levels left.
You didn't know any spells.
Your spell library contained the following spells:

 Spells                   Type           Power      Damage    Failure   Level
 Blink                    Tloc           0%         N/A       99%         2
 Lesser Beckoning         Tloc           0%         N/A       99%         2
 Momentum Strike          Conj/Tloc      0%         3d8       99%         2
 Ignite Poison            Fire/Alch      0%         N/A       100%        4
 Sticky Flame             Fire/Alch      0%         2d4       100%        4
 Ignition                 Fire           0%         3d3       100%        8


Dungeon Overview and Level Annotations

Branches:
Dungeon (4/15)
 Temple: D:4-7

Altars:
Ashenzari
Fedhas

Annotations:
D:3 Crazy Yiuf


Innate Abilities, Weirdness & Mutations

You are immune to sickness and miasma.
Your stone body is resilient. (AC +4)
You are immune to poison.
You resist negative energy. (rN+)
You are resistant to electric shocks. (rElec)
You are resistant to unholy torment.
You are immune to petrification.


Message History

s - a scroll labelled ILLALO VEQACS No target in view!
You now have 188 gold pieces (gained 10).
There is a stone staircase leading down here.
Found a broken altar of Ashenzari.
There is a broken altar of Ashenzari here.
h - 19 poisoned darts (gained 3) No reachable target in view!
Could not explore, unopened runed door.
Could not explore, unopened runed door.
You open the door. You barely miss Crazy Yiuf.
Crazy Yiuf hits you but does no damage.
You hit Crazy Yiuf but do no damage.
Crazy Yiuf hits you with a +3 quarterstaff of chaos!
Crazy Yiuf freezes you.
You hit Crazy Yiuf.
Crazy Yiuf is moderately wounded.
Crazy Yiuf hits you with a +3 quarterstaff of chaos.
Crazy Yiuf burns you.
You hit Crazy Yiuf but do no damage.
Crazy Yiuf is moderately wounded.
Crazy Yiuf hits you with a +3 quarterstaff of chaos!
You feel very mighty all of a sudden.
Crazy Yiuf hits you with a +3 quarterstaff of chaos.
* * * LOW HITPOINT WARNING * * *
You are confused.
You sock Crazy Yiuf!
Crazy Yiuf is severely wounded.
Crazy Yiuf hits you with a +3 quarterstaff of chaos!
* * * LOW HITPOINT WARNING * * *
Your willpower is stripped away!
You miss Crazy Yiuf.
Crazy Yiuf is severely wounded.
Crazy Yiuf hits you with a +3 quarterstaff of chaos.
* * * LOW HITPOINT WARNING * * *
Crazy Yiuf freezes you.
* * * LOW HITPOINT WARNING * * *
You bump into the stone wall.
Crazy Yiuf hits you with a +3 quarterstaff of chaos.
You die...

#### #.....# ...#
#.....# ..)# ###.###
...# ### ...# ...# .###
####♣♣ ### ## ##.#..♣♣
♣♣#..)#
######......♣♣♣♣@g...#
.............♣..♣#...#
########
.##.##.##...♣.♣♣♣ ###
#...(..#
....##.###♣♣♣♣♣
#.####># .#####.#
##.####.## .#####.#
########## ##...†.....
.......# #......†.#
#.#..)...## .#######
##..#.##.####.#......##
.##
#..#.........#.......#


You could see Crazy Yiuf.

Vanquished Creatures
  Grinder (D:2)
  Pargi (D:3)
  A bombardier beetle (D:3)
  An iguana (D:3)
  Ijyb (D:2)
  An orc wizard (D:4)
  3 adders
  A dart slug (D:2)
  4 orcs
  7 endoplasms
  A giant cockroach (D:2)
  3 hobgoblins
  10 jackals
  5 quokkas
  5 ball pythons
  10 bats
  3 frilled lizards
  6 goblins
  9 kobolds
  4 rats
77 creatures vanquished.

Notes
Turn   | Place    | Note
-------+----------+-------------------------------------------
     0 | D:1      | AdnanSaban the Gargoyle Fighter began the quest for the
                  | Orb.
     0 | D:1      | Reached XP level 1. HP: 14/14 MP: 1/1
   198 | D:1      | Reached XP level 2. HP: 19/19 MP: 2/2
   302 | D:1      | Found a faded altar of an unknown god.
   482 | D:1      | Reached XP level 3. HP: 23/23 MP: 3/3
  1165 | D:2      | Found a blossoming altar of Fedhas.
  1461 | D:2      | Reached XP level 4. HP: 29/29 MP: 4/4
  1543 | D:2      | Identified the +4 scale mail of Qoted {Dex+2}
  1979 | D:3      | Noticed Ijyb
  2005 | D:2      | Paralysed by Ijyb for 3 turns
  2019 | D:2      | Killed Ijyb
  2020 | D:2      | Reached skill level 4 in Armour
  2123 | D:3      | Noticed Grinder
  2144 | D:3      | Paralysed by Grinder for 5 turns
  2156 | D:2      | Reached XP level 5. HP: 22/33 MP: 5/5
  2205 | D:2      | Paralysed by Grinder for 5 turns
  2219 | D:2      | Paralysed by Grinder for 2 turns
  2226 | D:2      | Killed Grinder
  2227 | D:2      | Reached skill level 1 in Dodging
  2227 | D:2      | Reached skill level 1 in Stealth
  2227 | D:2      | Reached XP level 6. HP: 36/38 MP: 6/6
  2497 | D:4      | Reached skill level 1 in Throwing
  2533 | D:3      | Reached skill level 5 in Armour
  2653 | D:3      | Noticed Pargi
  2671 | D:3      | Killed Pargi
  2672 | D:3      | Reached XP level 7. HP: 24/43 MP: 7/7
  2916 | D:3      | Found a runed translucent door.
  2917 | D:3      | Noticed Crazy Yiuf
  3280 | D:3      | Found a broken altar of Ashenzari.
  3372 | D:3      | HP: 2/43 [Crazy Yiuf/+3 quarterstaff of chaos (4)]
  3373 | D:3      | Slain by Crazy Yiuf

Illustrated notes

Levels and vault maps discovered:
D:1:      roderic_octagonal_star, layout_basic,
          hellmonk_ecumenical_altar_heavens_door
D:2:      layout_basic, basic_altar
D:3:      layout_loops_cross, ashenzari_altar_1, serial_bayou_pond_a,
          uniq_crazy_yiuf_cottage, uniq_ijyb, uniq_grinder, uniq_pargi
D:4:      layout_loops_ring, minmay_temple_entry_junction, guppyfry_shop_venom,
          uniq_sigmund

Skill      XL: |  1  2  3  4  5  6 |
---------------+-------------------+-----
Maces & Flails | 3 4 |  4.7
Armour         | 4 5 |  5.2
Fighting       | 4 |  4.3
Dodging        | 1 |  1.4
Stealth        | 1 |  1.0
Shields        | 4 |  4.2
Throwing       | 1 |  1.1

Action                     |  1- 3 |  4- 6 |  7- 9 || total
---------------------------+-------+-------+-------++-------
  Melee: Flail             |   120 |   174 |    36 ||   330
  Throw: Dart              |       |     7 |       ||     7
 Armour: Scale mail        |   100 |   146 |       ||   246
         Chain mail        |       |    27 |    31 ||    58
  Dodge: Dodged            |    67 |   120 |    13 ||   200
  Block: Buckler           |    29 |    52 |     6 ||    87
